Map: Automaton LE

Players

ZaZen

  • Race: Terran Terran
  • League: Silver
  • Spawn Location: 3:00

Raevre - Winner!

  • Race: Protoss Protoss
  • League: Silver
  • Spawn Location: 9:00

VOD

Have the link to the VOD?

Description

Time

  • Played on: May 18, 2019, 4:27 p.m.
  • Length: 15:46
Show
View Real Time Build Order
Export as new Build Order

ZaZen Terran 

Build Orders: Gas First Reaper Expand 

Get SALT Encoding   

  12  0:01  SCV  
  13  0:16  Supply Depot  
  13  0:18  SCV  
  14  0:30  SCV  
  14  0:31  Refinery  
  15  0:42  SCV  
  16  0:48  Barracks  
  16  0:57  SCV  
  17  1:09  SCV  
  18  1:43  Reaper  
  19  1:53  Supply Depot  
  19  1:56  Orbital Command  
  19  2:01  Factory  
  19  2:22  Command Center  
  17  3:11  Factory Tech Lab  
  17  3:13  Barracks Reactor  
  17  3:27  Bunker, Refinery  
  17  3:31  Cyclone  
  20  3:44  SCV  
  21  3:49  Starport  
  21  3:51  Marine x2  
  23  4:09  Marine x2  
  25  4:15  Orbital Command  
  25  4:23  Siege Tank  
  28  4:34  Starport Tech Lab  
  28  4:45  SCV x2  
  30  4:57  SCV x2  
  32  5:03  Cyclone, Marine  
  32  5:04  Marine  
  37  5:15  Refinery  
  37  5:16  SCV x2  
  39  5:22  Barracks  
  39  5:25  Barracks  
  39  5:28  SCV  
  40  5:36  Supply Depot  
  40  5:46  Widow Mine x2  
  44  5:50  Stimpack, Marine  
  45  5:59  SCV x2  
  45  6:01  Refinery  
  45  6:03  Supply Depot  
  47  6:11  SCV  
  47  6:13  SCV  
  47  6:14  Raven  
  47  6:15  Barracks Reactor  
  47  6:16  Barracks Reactor  
  47  6:18  Widow Mine  
  53  6:23  SCV  
  54  6:31  SCV  
  55  6:35  SCV  
  55  6:36  Supply Depot  
  56  6:41  Widow Mine x2  
  56  6:42  Marine  
  56  6:43  SCV  
  62  6:54  Supply Depot  
  62  6:57  SCV x2, Marine x4  
  62  7:00  Marine  
  69  7:09  SCV  
  69  7:15  SCV, Marine  
  70  7:18  Marine  
  73  7:31  Command Center  
  72  7:41  SCV x2  
  72  7:53  SCV  
  72  7:54  Marine  
  72  7:55  Marine x4  
  78  8:00  Supply Depot  
  78  8:04  Supply Depot  
  78  8:06  Widow Mine x2  
  82  8:13  Combat Shield  
  82  8:17  Marine  
  82  8:18  Marine x3  
  86  8:21  Marine  
  86  8:26  Raven  
  89  8:28  SCV x2  
  89  8:32  Supply Depot  
  91  8:37  Marine x4  
  91  8:40  SCV x2  
  97  8:46  Orbital Command  
  97  8:50  Refinery  
  97  8:52  SCV  
  98  8:55  Supply Depot  
  97  9:04  Engineering Bay  
  97  9:05  Engineering Bay  
  97  9:29  Marine  
  97  9:30  Marine x4  
  102  9:33  Widow Mine x2  
  102  9:37  Liberator  
  106  9:44  SCV x3  
  109  9:47  Marine  
  109  9:52  Marine x4  
  112  9:56  Terran Infantry Weapons Level 1, SCV x2  
  112  9:57  Terran Infantry Armor Level 1  
  112  9:58  SCV  
  120  10:08  SCV  
  113  10:20  Liberator  
  76  10:45  SCV x3  
  79  10:53  Missile Turret  
  79  10:54  Armory, Missile Turret  
  80  10:57  SCV  
  80  10:59  Missile Turret  
  80  11:03  SCV x2, Refinery  
  82  11:21  Barracks x2  
  82  11:22  Barracks  
  82  11:26  Sensor Tower  
  82  11:35  Raven  
  84  11:44  Starport  
  84  11:45  Starport  
  84  11:48  Marine x5  
  89  12:03  SCV x3  
  89  12:05  Marine  
  89  12:06  Marine x4  
  89  12:07  Widow Mine x2  
  101  12:12  Factory  
  101  12:15  SCV x2  
  103  12:23  Marine x2  
  103  12:24  Marine  
  86  12:49  SCV x2  
  86  12:50  SCV  
  80  12:53  Marine x3  
  80  12:54  Marine x2  
  85  12:59  Starport Reactor  
  85  13:01  SCV  
  85  13:02  Fusion Core, SCV x2  
  85  13:04  Starport Reactor, Factory Tech Lab  
  88  13:06  Widow Mine  
  88  13:07  Widow Mine  
  88  13:11  Barracks Reactor, Marine  
  88  13:12  Barracks Reactor  
  93  13:13  Barracks Reactor  
  93  13:17  SCV x3  
  93  13:18  Marine x4  
  100  13:25  Raven  
  102  13:28  Widow Mine  
  102  13:29  SCV, Siege Tank, Marine  
  109  13:36  Marine  
  110  14:01  Siege Tank  
  103  14:07  Marine x4  
  103  14:08  Marine  
  72  14:18  Liberator x5  
  53  14:25  Marine x4  
  53  14:29  SCV x2  
  53  14:31  Marine  
  57  14:34  Hellion x3  
  78  14:41  SCV x2  
  78  14:43  Marine x4  
  84  14:48  Marine  
  85  14:53  SCV  
  86  15:18  Command Center  
Show
View Real Time Build Order
Export as new Build Order

Raevre Protoss - Winner!

Build Orders:  

Get SALT Encoding   

  12  0:01  Probe  
  13  0:18  Probe  
  13  0:19  Pylon  
  14  0:26  Probe  
  15  0:40  Forge  
  15  0:44  Probe  
  16  0:50  Assimilator  
  16  0:56  Probe  
  17  1:04  Probe  
  18  1:12  Probe  
  19  1:27  Pylon  
  19  1:34  Pylon  
  18  1:50  Gateway  
  18  2:00  Probe  
  19  2:09  Probe, Gateway  
  19  2:12  Assimilator  
  20  2:17  Probe  
  21  2:26  Probe  
  21  2:27  Photon Cannon  
  21  2:29  Pylon  
  21  2:48  Probe  
  21  2:57  Zealot  
  21  3:00  Probe  
  21  3:02  Cybernetics Core  
  24  3:06  Zealot  
  26  3:12  Probe  
  27  3:22  Pylon  
  27  3:39  Stalker x2  
  31  4:06  Warp Gate  
  31  4:11  Nexus  
  31  4:14  Stalker  
  33  4:27  Probe  
  34  4:36  Robotics Facility  
  32  4:39  Shield Battery  
  32  4:54  Pylon  
  32  4:59  Pylon  
  32  5:12  Stalker, Probe  
  35  5:24  Probe  
  35  5:28  Protoss Ground Weapons Level 1  
  36  5:31  Stargate  
  36  5:32  Probe  
  37  5:37  Probe  
  37  5:40  Observer  
  39  5:53  Probe  
  39  5:54  Probe  
  41  6:04  Gateway  
  41  6:06  Probe  
  41  6:07  Pylon  
  42  6:14  Probe  
  42  6:22  Gateway  
  42  6:23  Oracle  
  46  6:27  Probe  
  47  6:35  Twilight Council  
  47  6:39  Probe  
  48  6:40  Probe  
  49  6:47  Probe  
  49  6:48  Stalker  
  49  6:51  Stalker  
  54  6:55  Probe  
  54  7:07  Charge, Probe  
  55  7:21  Zealot x4  
  63  7:23  Probe, Gateway  
  64  7:41  Probe  
  64  7:42  Void Ray  
  69  7:53  Probe, Pylon  
  69  7:56  Photon Cannon  
  70  7:58  Shield Battery  
  70  8:02  Pylon  
  70  8:05  Gateway  
  70  8:11  Probe  
  71  8:24  Zealot x3  
  71  8:25  Nexus  
  77  8:35  Templar Archives  
  77  8:40  Probe  
  77  8:41  Probe  
  79  8:47  Assimilator x2  
  79  8:52  Probe  
  79  8:53  Probe  
  81  8:57  Void Ray  
  81  9:00  Gateway  
  85  9:12  Pylon  
  85  9:14  Pylon  
  85  9:28  Shield Battery  
  85  9:31  High Templar x4  
  87  9:32  High Templar  
  87  9:35  Pylon, Archon x2  
  95  9:40  Pylon, Void Ray  
  95  9:43  Probe  
  99  9:51  Probe  
  100  9:53  Probe x2  
  100  9:55  High Templar  
  105  10:00  Probe  
  100  10:16  Zealot x4  
  100  10:17  Zealot x2  
  98  10:30  Gateway  
  98  10:31  Gateway  
  92  10:36  Probe  
  93  10:43  High Templar x3  
  93  10:44  Assimilator  
  93  10:48  Zealot x3, Probe  
  93  10:49  Zealot, Assimilator  
  108  10:50  Archon  
  108  10:52  Archon  
  108  10:56  Void Ray  
  112  10:59  Probe  
  113  11:07  Probe  
  113  11:09  Stargate  
  114  11:12  Zealot x4  
  114  11:15  Observer, Probe  
  123  11:24  Gateway  
  123  11:25  Gateway  
  124  11:26  Probe  
  125  11:38  Probe  
  126  11:45  Shield Battery  
  126  11:46  Pylon  
  126  11:47  Void Ray  
  126  11:48  Shield Battery  
  126  11:49  Photon Cannon, Probe  
  131  11:57  Probe  
  131  12:01  Photon Cannon  
  132  12:05  Probe  
  132  12:13  Immortal  
  137  12:23  Fleet Beacon  
  137  12:26  Probe  
  137  12:27  Probe  
  139  12:33  Stalker  
  139  12:36  Zealot  
  132  12:52  Photon Cannon  
  132  12:56  Void Ray  
  132  12:58  Photon Cannon  
  136  13:00  Shield Battery  
  136  13:04  Pylon  
  136  13:06  Pylon, Void Ray  
  136  13:08  Pylon  
  140  13:14  Probe  
  141  13:26  Probe  
  142  13:34  Nexus  
  142  13:36  Pylon  
  142  13:38  Zealot x4, Probe  
  142  13:39  Zealot, Pylon, Void Ray  
  157  13:49  Pylon  
  124  14:15  Carrier  
  130  14:22  Carrier  
  130  14:46  Probe x3  
  130  14:48  Probe  
  134  14:58  Probe  
  134  14:59  Gateway  
  135  15:06  Robotics Facility  
  135  15:16  Pylon  
  141  15:21  Gateway  
  141  15:23  Probe  
  141  15:25  Gateway  
  145  15:44  Assimilator  
Tags
 
Add a new tag
Caveats
  • Supply blocks, unpowered buildings, or Contaminate may cause inaccurate times.
  • Supply counts are checked every 10 seconds.